Map: Aura da Morte LE

Players

Zodte

  • Race: Zerg Zerg
  • League: Diamond
  • Spawn Location: 11:00

TAG - Winner!

  • Race: Terran Terran
  • League: Master
  • Spawn Location: 5:00

VOD

Have the link to the VOD?

Description

Time

  • Played on: Aug. 7, 2020, 5:42 p.m.
  • Length: 15:46
Show
View Real Time Build Order
Export as new Build Order

Zodte Zerg 

Build Orders: Hatch First, Roach Hydra 

Get SALT Encoding   

  12  0:01  Drone  
  13  0:13  Overlord  
  13  0:17  Drone  
  14  0:31  Drone x2  
  16  0:49  Hatchery  
  15  0:52  Drone  
  15  0:56  Drone  
  17  0:59  Drone  
  18  1:09  Extractor  
  17  1:16  Spawning Pool  
  17  1:18  Drone  
  17  1:21  Drone  
  18  1:28  Drone  
  19  1:39  Drone  
  20  1:50  Overlord  
  20  2:02  Queen x2  
  20  2:04  Zergling x4  
  26  2:13  Drone x2  
  28  2:16  Metabolic Boost  
  28  2:28  Drone x2  
  30  2:39  Hatchery  
  30  2:43  Drone  
  31  2:44  Drone  
  31  2:52  Queen  
  31  2:58  Overlord  
  33  3:00  Drone  
  33  3:04  Drone  
  33  3:05  Drone  
  36  3:17  Drone x2  
  38  3:21  Drone  
  39  3:27  Queen  
  39  3:29  Roach Warren  
  40  3:36  Drone  
  40  3:37  Drone x3  
  40  3:40  Overlord  
  44  3:47  Drone  
  44  3:55  Drone x5  
  48  4:04  Evolution Chamber  
  48  4:05  Queen  
  49  4:13  Drone x4  
  49  4:14  Drone x3  
  56  4:25  Overlord  
  56  4:30  Zerg Ground Armor Level 1  
  56  4:32  Drone x2  
  58  4:42  Queen  
  58  4:43  Overlord x2  
  58  4:44  Drone x2  
  58  4:45  Drone x3  
  65  4:46  Extractor  
  65  4:47  Extractor  
  65  4:48  Lair  
  63  4:57  Zergling x2  
  63  4:58  Zergling x4  
  63  4:59  Overlord x2  
  66  5:04  Extractor  
  66  5:05  Extractor  
  56  5:26  Zergling x2  
  54  5:30  Drone  
  54  5:31  Drone x10  
  61  5:40  Drone  
  61  5:41  Drone  
  63  5:45  Drone x2  
  65  5:52  Drone x4  
  69  5:58  Drone  
  69  6:01  Extractor  
  69  6:04  Hydralisk Den  
  69  6:05  Hatchery  
  69  6:07  Infestation Pit, Drone  
  69  6:08  Drone x2  
  69  6:10  Evolution Chamber  
  68  6:18  Drone x2  
  68  6:19  Drone x5  
  75  6:27  Zerg Missile Weapons Level 1  
  75  6:29  Overlord, Roach  
  75  6:30  Roach x3  
  83  6:42  Roach x3  
  83  6:43  Grooved Spines  
  83  6:45  Zerg Ground Armor Level 2  
  83  6:46  Neural Parasite  
  71  7:10  Drone x5  
  71  7:11  Drone x2  
  71  7:14  Glial Reconstitution  
  78  7:18  Drone  
  78  7:19  Drone x4  
  78  7:21  Drone  
  78  7:22  Drone x5  
  89  7:26  Hive  
  89  7:39  Spine Crawler  
  89  7:40  Spine Crawler  
  87  7:55  Muscular Augments, Overlord, Roach x5  
  87  7:56  Overlord  
  97  8:00  Drone x6  
  97  8:02  Extractor  
  97  8:03  Extractor  
  97  8:05  Pathogen Glands  
  101  8:06  Burrow  
  101  8:08  Infestor  
  104  8:12  Drone  
  104  8:15  Drone x6  
  104  8:16  Drone x2  
  112  8:23  Drone x5  
  117  8:29  Hatchery  
  116  8:39  Hydralisk  
  116  8:40  Hydralisk  
  120  8:41  Overlord  
  120  8:42  Overlord x2  
  120  8:43  Adrenal Glands  
  120  8:49  Overlord x2  
  120  9:00  Viper x2  
  120  9:01  Viper  
  129  9:10  Hydralisk x3  
  129  9:11  Hatchery  
  129  9:13  Spine Crawler  
  133  9:21  Hydralisk x4  
  133  9:23  Overlord x2  
  141  9:38  Hydralisk  
  141  9:39  Hydralisk x5  
  153  9:46  Hydralisk  
  153  9:47  Hydralisk x2  
  153  9:52  Extractor x2  
  156  9:58  Hydralisk x4  
  163  10:01  Zergling x20  
  173  10:23  Overlord x4  
  173  10:38  Hydralisk x2  
  173  10:42  Pneumatized Carapace  
  177  10:44  Zerg Ground Armor Level 3  
  177  10:45  Zerg Missile Weapons Level 2  
  177  10:51  Zergling x2  
  177  10:52  Zergling x24  
  190  11:23  Hydralisk  
  156  11:52  Hydralisk x5  
  156  11:53  Hydralisk x12  
  183  12:02  Baneling Nest  
  183  12:06  Viper x5  
  197  12:21  Hydralisk  
  188  12:38  Zergling x24  
  139  13:33  Hydralisk x5  
  139  13:34  Hydralisk x10  
  133  13:45  Hydralisk  
  133  13:46  Hydralisk x4  
  143  13:50  Hydralisk  
  143  13:51  Hydralisk x2  
  143  13:57  Baneling  
  143  13:58  Baneling x9  
  143  14:03  Hydralisk x6  
  155  14:12  Hydralisk x3  
  155  14:13  Hydralisk x3  
  167  14:20  Hydralisk  
  167  14:21  Hydralisk x5  
  161  14:38  Hydralisk  
  161  14:39  Hydralisk x9  
  170  14:50  Zergling x2  
  170  14:51  Zergling x12  
  168  14:57  Hydralisk x13  
  137  15:24  Zergling x2  
  137  15:25  Zergling x28  
Show
View Real Time Build Order
Export as new Build Order

TAG Terran - Winner!

Build Orders: 2 Factory, Command Center First (CC), Mech 

Get SALT Encoding   

  12  0:00  SCV  
  13  0:12  SCV  
  14  0:16  Supply Depot  
  14  0:24  SCV  
  15  0:38  SCV  
  16  0:50  SCV  
  17  1:01  Command Center  
  17  1:02  SCV  
  18  1:12  Barracks  
  18  1:15  SCV  
  19  1:27  SCV  
  20  1:39  SCV  
  21  1:41  Refinery x2  
  21  1:51  SCV  
  22  1:59  Marine  
  23  2:03  Orbital Command  
  23  2:06  Bunker  
  23  2:12  Orbital Command  
  23  2:17  Marine  
  24  2:29  SCV  
  24  2:33  Factory  
  24  2:39  Marine  
  24  2:41  SCV  
  26  2:44  Orbital Command  
  26  2:49  Factory  
  26  2:53  SCV  
  27  3:05  SCV  
  28  3:06  Barracks Reactor  
  28  3:14  Supply Depot  
  28  3:17  SCV, Factory Tech Lab  
  29  3:22  SCV  
  30  3:29  SCV  
  31  3:36  Supply Depot  
  31  3:37  SCV  
  34  3:41  Hellion, SCV  
  34  3:44  Infernal Pre-Igniter  
  35  3:52  SCV  
  36  3:57  Hellion x2  
  36  3:58  SCV  
  36  4:02  Hellion, Refinery  
  43  4:04  SCV, Refinery  
  44  4:10  SCV  
  45  4:18  Hellion  
  45  4:19  SCV  
  45  4:20  Hellion  
  45  4:22  SCV  
  45  4:24  Siege Tank  
  54  4:29  Supply Depot  
  54  4:39  Supply Depot  
  54  4:51  Hellion x2, SCV x2  
  60  4:57  Command Center  
  60  4:58  Factory  
  60  5:02  Factory  
  60  5:03  Siege Tank  
  63  5:13  Hellion  
  65  5:15  SCV x2  
  65  5:26  Hellion  
  61  5:34  Hellion  
  60  5:35  SCV  
  60  5:36  Hellion, SCV  
  60  5:39  Engineering Bay  
  63  5:45  Armory  
  63  5:46  Armory  
  63  5:47  SCV  
  63  5:48  SCV  
  65  5:59  SCV, Factory Tech Lab  
  65  6:00  Factory Tech Lab  
  65  6:03  SCV  
  67  6:07  Missile Turret  
  67  6:11  Missile Turret  
  67  6:12  SCV  
  68  6:23  Command Center  
  68  6:27  SCV x2  
  68  6:29  Supply Depot  
  68  6:31  Planetary Fortress  
  68  6:32  Supply Depot  
  70  6:34  Terran Vehicle Weapons Level 1  
  70  6:35  Terran Vehicle And Ship Armor Level 1  
  70  6:39  SCV  
  71  6:42  Thor  
  73  7:04  Hellion x2  
  69  7:09  Thor x2  
  69  7:11  SCV x2  
  83  7:17  SCV  
  84  7:23  SCV x2  
  84  7:25  Hellion x2  
  84  7:26  Refinery  
  84  7:29  SCV  
  91  7:30  Missile Turret  
  91  7:35  SCV x2  
  93  7:38  Command Center  
  93  7:46  Missile Turret, SCV  
  93  7:47  SCV  
  93  7:48  Missile Turret, Refinery  
  93  7:50  Missile Turret  
  95  8:01  Factory  
  95  8:03  Factory, Orbital Command  
  95  8:04  Factory  
  95  8:06  Factory  
  95  8:08  SCV x3  
  98  8:20  SCV x2  
  100  8:28  Terran Vehicle Weapons Level 2  
  100  8:30  Terran Vehicle And Ship Armor Level 2  
  100  8:39  Missile Turret  
  101  8:41  SCV x2  
  101  8:45  Neosteel Armor  
  101  8:47  Missile Turret  
  101  8:48  Factory Tech Lab x3  
  102  8:51  Factory Tech Lab  
  102  8:53  Siege Tank x2  
  102  8:54  Hellion  
  102  8:55  Hellion, Siege Tank  
  115  9:03  SCV x3  
  115  9:04  SCV  
  119  9:13  Missile Turret, Sensor Tower  
  119  9:15  SCV  
  120  9:17  Siege Tank  
  120  9:18  Siege Tank x2  
  120  9:19  Hellion  
  131  9:33  Missile Turret  
  131  9:35  Missile Turret x2, Refinery  
  131  9:36  Sensor Tower  
  131  9:39  Refinery  
  131  9:40  Planetary Fortress  
  131  9:52  Hellion  
  131  9:53  Hellion, Siege Tank x2  
  131  9:54  Supply Depot x2  
  131  9:57  Supply Depot  
  131  9:58  Supply Depot  
  137  10:09  Hellion  
  139  10:15  Siege Tank, SCV x3  
  139  10:16  Hellion, SCV  
  148  10:29  SCV x2  
  148  10:34  Command Center  
  148  10:35  SCV  
  151  10:39  Command Center  
  151  10:40  SCV  
  151  10:41  SCV x2  
  151  10:42  SCV  
  155  10:47  SCV  
  156  10:53  Terran Vehicle Weapons Level 3, Terran Vehicle And Ship Armor Level 3  
  156  10:56  SCV  
  157  11:05  Thor x2  
  157  11:08  Missile Turret  
  169  11:16  Missile Turret  
  169  11:23  Hellion  
  169  11:25  Hellion  
  169  11:26  Hellion  
  171  11:37  Hellion, Siege Tank x2  
  171  11:39  Thor  
  169  11:44  Widow Mine  
  169  11:46  Hellion  
  171  11:47  Siege Tank  
  171  11:48  Hellion, Siege Tank  
  171  11:49  SCV  
  180  11:55  Planetary Fortress  
  180  11:58  Hellion  
  182  12:05  Hellion  
  182  12:08  Hellion  
  186  12:18  Supply Depot  
  186  12:20  Supply Depot  
  186  12:21  Hellion x5  
  192  12:28  Planetary Fortress  
  189  12:31  Missile Turret  
  189  12:34  Missile Turret  
  189  12:35  Missile Turret  
  189  12:49  Siege Tank x2  
  189  12:50  Hellion x2  
  199  13:01  Command Center  
  177  13:27  Siege Tank x3  
  177  13:28  Siege Tank x2  
  177  13:29  Hellion  
  186  13:39  Command Center  
  186  13:47  Command Center  
  186  13:48  Terran Ship Weapons Level 1  
  186  13:51  Command Center  
  186  13:52  Hellion  
  186  14:06  Hellion x3  
  192  14:10  Starport x2  
  192  14:11  Starport  
  192  14:28  Hellion x2  
  188  14:37  Siege Tank x3  
  194  14:43  Hellion  
  194  14:44  Hellion x2, Siege Tank  
  194  14:49  Hellion x2  
  184  15:04  Hellion  
  184  15:05  Hellion  
  184  15:06  Hellion  
  190  15:09  Hellion x3  
  190  15:11  Hellion  
Tags
 
Add a new tag
Caveats
  • Supply blocks, unpowered buildings, or Contaminate may cause inaccurate times.
  • Supply counts are checked every 10 seconds.